Workbook

Sheet Personnel
A1: PERSONNEL - List each position by title and name of employee if available. Show the monthly salary amount, number of months, and percentage of time to be devoted to the project. Compensation paid for employees engaged in grant activities must be consistent with that paid for similar work within the applicant organization. JAG subawards cannot cover overtime.
A4: POSITION TITLE/NAME | B4: MONTHLY COST | D4: QTY | E4: % TIME | F4: TOTAL
F5: =B5*D5*E5 -> 0
F6: =B6*D6*E6 -> 0
F7: =B7*D7*E7 -> 0
F8: =B8*D8*E8 -> 0
F9: =B9*D9*E9 -> 0
F10: =B10*D10*E10 -> 0
C11: SUBTOTAL | E11: SUBTOTAL | F11: =SUM(F5:F10) -> 0
A13: FRINGE BENEFITS - Fringe benefits should be based on actual known costs or an established formula. If rates are based on an established formula, provide the formula. Fringe benefits are for the personnel listed above and only for the percentage of time devoted to the project. Fringe benefits on overtime hours are limited to FICA, Workman's Compensation, and Unemployment Compensation. JAG subawards cannot cover overtime.
A16: POSITION TITLE/NAME | B16: MONTHLY COST | D16: QTY | E16: % TIME | F16: TOTAL
F17: =B17*D17*E17 -> 0
F18: =B18*D18*E18 -> 0
F19: =B19*D19*E19 -> 0
F20: =B20*D20*E20 -> 0
F21: =B21*D21*E21 -> 0
F22: =B22*D22*E22 -> 0
E23: SUBTOTAL | F23: =SUM(F17:F22) -> 0
E25: TOTAL | F25: =F11+F23 -> 0

Sheet Travel
A1: TRAVEL - Itemize travel expenses of project personnel by Purpose: list type of event and traveler name(s); Dates: list dates of travel; Airfare: list from/to destinations ; Lodging: list type, cost/day x number of days = total; Per Diem: list cost/day x number of days = total. Per diem should be based on GSA rates; Transportation: list type, to and from destinations.
A3: Purpose: | D3: COST | E3: QTY | F3: TOTAL
A4: Dates:
A5: Airfare: | F5: =D5*E5 -> 0
A6: Lodging: | F6: =D6*E6 -> 0
A7: Per diem: | F7: =D7*E7 -> 0
A8: Transp: | F8: =D8*E8 -> 0
E9: Sub Total | F9: =SUM(F5:F8) -> 0
A11: Purpose: | D11: COST | E11: QTY | F11: TOTAL
A12: Dates:
A13: Airfare: | F13: =D13*E13 -> 0
A14: Lodging: | F14: =D14*E14 -> 0
A15: Per diem: | F15: =D15*E15 -> 0
A16: Transp: | F16: =D16*E16 -> 0
E17: Sub Total | F17: =SUM(F13:F16) -> 0
A19: Purpose: | D19: COST | E19: QTY | F19: TOTAL
A20: Dates:
A21: Airfare: | F21: =D21*E21 -> 0
A22: Lodging: | F22: =D22*E22 -> 0
A23: Per diem: | F23: =D23*E23 -> 0
A24: Transp: | F24: =D24*E24 -> 0
E25: Sub Total | F25: =SUM(F21:F24) -> 0
A27: Purpose: | D27: COST | E27: QTY | F27: TOTAL
A28: Dates:
A29: Airfare: | F29: =D29*E29 -> 0
A30: Lodging: | F30: =D30*E30 -> 0
A31: Per diem: | F31: =D31*E31 -> 0
A32: Transp: | F32: =D32*E32 -> 0
E33: Sub Total | F33: =SUM(F29:F32) -> 0
E35: TOTAL | F35: =F9+F17+F25+F33 -> 0
C38: Page 2 of 6

Sheet Equipment
A1: EQUIPMENT - List non-expendable items that are to be purchased. Non-expendable equipment is tangible property having a useful life of more than one year and exceeding the established cost threshold. If your organization does not have an established cost threshold for equipment, use $5,000 per item as the threshold per state policy. Equipment could include vehicles, radios, cameras, etc.
A4: DESCRIPTION | C4: COST | D4: QTY | E4: TOTAL
E5: =SUM(D5*C5) -> 0
E6: =SUM(D6*C6) -> 0
E7: =SUM(D7*C7) -> 0
E8: =SUM(D8*C8) -> 0
E9: =SUM(D9*C9) -> 0
E10: =SUM(D10*C10) -> 0
E11: =SUM(D11*C11) -> 0
E12: =SUM(D12*C12) -> 0
E13: =SUM(D13*C13) -> 0
E14: =SUM(D14*C14) -> 0
E15: =SUM(D15*C15) -> 0
E16: =SUM(D16*C16) -> 0
D18: TOTAL | E18: =SUM(E5:E17) -> 0

Sheet Supplies
A2: SUPPLIES - List items by type (office supplies, training materials, copying paper, fuel, and expendable equipment items costing less than $5,000 such as books, hand held tape recorders, etc.) and show the basis for computation. Generally, supplies include any materials that are expendable or consumed during the course of the project. Computers are generally considered a supply rather than equipment cost, unless over $5,000 per unit.
A5: DESCRIPTION | C5: AMOUNT | D5: QTY | E5: TOTAL
E6: =SUM(D6*C6) -> 0
E7: =SUM(D7*C7) -> 0
E8: =SUM(D8*C8) -> 0
E9: =SUM(D9*C9) -> 0
E10: =SUM(D10*C10) -> 0
E11: =SUM(D11*C11) -> 0
E12: =SUM(D12*C12) -> 0
E13: =SUM(D13*C13) -> 0
E14: =SUM(D14*C14) -> 0
E15: =SUM(D15*C15) -> 0
E16: =SUM(D16*C16) -> 0
E17: =SUM(D17*C17) -> 0
... E23: =SUM(D23*C23) -> 0
D25: TOTAL | E25: =SUM(E6:E24) -> 0

Sheet Procurement
A1: PROCUREMENT CONTRACTS - List items by type. Generally, supplies include any materials that are expendable or used up during the course of the project. This also includes non-expendable equipment with a per-unit cost lower than your organization's equipment threshold. Monthly costs should be shown by amount per month and number of months.
A4: DESCRIPTION | C4: AMOUNT | D4: QTY | E4: TOTAL
E5: =SUM(D5*C5) -> 0
E6: =SUM(D6*C6) -> 0
E7: =SUM(D7*C7) -> 0
E8: =SUM(D8*C8) -> 0
E9: =SUM(D9*C9) -> 0
E10: =SUM(D10*C10) -> 0
E11: =SUM(D11*C11) -> 0
E12: =SUM(D12*C12) -> 0
E13: =SUM(D13*C13) -> 0
E14: =SUM(D14*C14) -> 0
E15: =SUM(D15*C15) -> 0
E16: =SUM(D16*C16) -> 0
... E22: =SUM(D22*C22) -> 0
D24: TOTAL | E24: =SUM(E5:E23) -> 0

Sheet Budget Summary
A2: BUDGET CATEGORY | C2: AMOUNT
A4: Personnel | C4: =Personnel!F25 -> 0
A6: Travel | C6: =Travel!F35 -> 0
A8: Equipment | C8: =Equipment!E18 -> 0
A10: Supplies | C10: =Supplies!E25 -> 0
A12: Procurement | C12: =Procurement!E24 -> 0
B14: TOTAL | C14: =SUM(C4:C13) -> 0
